 Dungeon Crawl Stone Soup version 0.28-a0-851-g8b9cc49659 (webtiles) character file.

Game seed: 116166372006942379

40 ders the Digger (level 3, -8/19 HPs)
             Began as a Gargoyle Earth Elementalist on Nov 14, 2021.
             Mangled by Sigmund (10 damage)
             ... on level 2 of the Dungeon.
             The game lasted 00:04:29 (2194 turns).

ders the Digger (Gargoyle Earth Elementalist)       Turns: 2194, Time: 00:04:30

Health: -8/19      AC:  5    Str: 11    XL:     3   Next: 50%
Magic:  1/6        EV: 12    Int: 16    God:
Gold:   20         SH:  0    Dex: 10    Spells: 1/6 levels left

rFire   + . .      SeeInvis .   j - staff of fire
rCold   + . .      Faith    .   (no shield)
rNeg    + . .      Spirit   .   b - +0 robe
rPois   ∞          Reflect  .   (no helmet)
rElec   +          Harm     .   (no cloak)
rCorr   .          Rampage  .   (no gloves)
Will    .....                   (no boots)
Stlth   ++........              (no amulet)
HPRegen 0.06/turn               k - ring of protection from cold
MPRegen 0.10/turn               (no ring)

@: brilliant, very slightly contaminated
A: sickness immunity, AC +3, negative energy resistance 1, electricity
resistance, torment resistance 1, petrification resistance
a: no special abilities


You were on level 2 of the Dungeon.
You visited 1 branch of the dungeon, and saw 2 of its levels.

You collected 20 gold pieces.

Inventory:

Hand Weapons
 d - a +0 short sword
Missiles
 c - 3 stones
Armour
 b - a +0 robe (worn)
Magical Staves
 j - a staff of fire (weapon)
Jewellery
 k - a ring of protection from cold (left hand)
Potions
 a - a potion of degeneration
 f - a potion of magic
 g - a potion of lignification
 i - a potion of attraction {unknown}
 l - a potion of heal wounds {unknown}
 m - a potion of mutation {unknown}


   Skills:
 - Level 0.1 Short Blades
 - Level 1.7 Dodging
 - Level 2.4 Stealth
 - Level 0.1 Unarmed Combat
 + Level 2.3 Spellcasting
 * Level 0.6 Conjurations
 + Level 1.1 Transmutations
 + Level 0.3 Fire Magic
 + Level 4.4 Earth Magic


You had one spell level left.
You knew the following spells:

 Your Spells              Type           Power      Damage    Failure   Level
a - Sandblast             Erth           46%        2d11      3%          1
b - Foxfire               Conj/Fire      28%        2x1d5     17%         1
c - Stone Arrow           Conj/Erth      28%        3d8       22%         3

Your spell library contained the following spells:

 Spells                   Type           Power      Damage    Failure   Level
 Passwall                 Tmut/Erth      12%        N/A       10%         2
 Conjure Flame            Conj/Fire      7%         6-21      45%         3
 Inner Flame              Hex/Fire       5%         N/A       50%         3
 Petrify                  Tmut/Erth      15%        N/A       54%         4
 Flame Wave               Conj/Fire      7%         3d4       86%         4


Dungeon Overview and Level Annotations

Branches:
Dungeon (2/15)

Altars:

Annotations:
D:2 Sigmund


Innate Abilities, Weirdness & Mutations

You are immune to sickness and miasma.
Your stone body is resilient. (AC +3)
You are immune to poison.
You resist negative energy. (rN+)
You are resistant to electric shocks. (rElec)
You are resistant to unholy torment.
You are immune to petrification.


Message History

Unknown command.
Casting: Sandblast (safe; 3% risk of failure)
Confirm with . or Enter, or press ? or * to list all spells.
Aiming: Sandblast (safe; 3% risk of failure)
Press: ? - help, Shift-Dir - straight line, f/p - Sigmund
Aim: Sigmund, wielding a +0 scythe and wearing a +2 robe (lightly wounded, 78% to hit)
You feel a surge of power!
The blast of sand hits Sigmund!
Sigmund is moderately wounded.
Sigmund casts a spell.
Sigmund flickers and vanishes!
Deactivating autopickup; reactivate with Ctrl-A.
Unknown command.
Something hits you but does no damage.
There is a stone staircase leading up here.
Casting: Sandblast (safe; 3% risk of failure)
Confirm with . or Enter, or press ? or * to list all spells.
The spell is potentially lethal to cast (22% risk of failure)!
Continue anyway?
Aiming: Stone Arrow (potentially lethal; 22% risk of failure)
Press: ? - help, Shift-Dir - straight line You feel a surge of power!
The stone arrow hits something!
Casting: Stone Arrow (potentially lethal; 22% risk of failure)
Confirm with . or Enter, or press ? or * to list all spells.
The spell is potentially lethal to cast (22% risk of failure)!
Continue anyway? [Y]es or [N]o only, please.
The spell is potentially lethal to cast (22% risk of failure)!
Continue anyway?
Aiming: Stone Arrow (potentially lethal; 22% risk of failure)
Press: ? - help, Shift-Dir - straight line You feel a surge of power!
You miscast Stone Arrow.
You are very lightly contaminated with residual magic.
Nothing appears to happen.
Something hits you. Something barely misses you.
You miss something. Something hits you!
You completely miss something. You hit something. Something hits you!
* * * LOW HITPOINT WARNING * * *
You hit something. Something hits you.
* * * LOW HITPOINT WARNING * * *
Something hits you!
Ouch! That really hurt!
You die...

#.#.# #.......#.# #.#.#
#..####.#.########
#.#.###.................
#.#......####.#.########
#.......#####.#.#
###.........#.#.#
#.###.###.#.#.#
#.#...###.#.#.#
#.#<...##@#.#.#
#.##...####.#.##.....
#..+...'....#.# ...?.
####..†######.# #..)#
######...# #.# #...# ###
#..†.'...# #.# #...# #..
#.####...## #.# #...#
#.. #.# #....# #.# #@..#
#.. #># #....#####.#
#...# #..


There were no monsters in sight!

Vanquished Creatures
  A worm (D:2)
  5 ball pythons (D:1)
  3 bats
  4 endoplasms
  4 giant cockroaches
  4 goblins
  A hobgoblin (D:1)
  4 quokkas (D:1)
  2 frilled lizards
  3 kobolds
  3 rats (D:1)
34 creatures vanquished.

Vanquished Creatures (others)
  27 foxfires (D:2)
27 creatures vanquished.

Grand Total: 61 creatures vanquished

Notes
Turn   | Place    | Note
-------+----------+-------------------------------------------
     0 | D:1      | ders the Gargoyle Earth Elementalist began the quest for
                  | the Orb.
     0 | D:1      | Reached XP level 1. HP: 10/10 MP: 3/3
   138 | D:1      | Reached skill level 1 in Transmutations
   138 | D:1      | Reached XP level 2. HP: 10/15 MP: 1/5
   379 | D:1      | Reached skill level 4 in Earth Magic
   749 | D:1      | Found a faded altar of an unknown god.
   909 | D:1      | Learned a level 1 spell: Foxfire
   927 | D:2      | Reached XP level 3. HP: 19/19 MP: 4/6
   931 | D:2      | Learned a level 3 spell: Stone Arrow
  1442 | D:2      | Noticed Sigmund
  2194 | D:2      | Mangled by Sigmund

Illustrated notes

Levels and vault maps discovered:
D:1:      nzn_arrival_water_spiral, layout_basic, basic_ecumenical_altar
D:2:      layout_basic, uniq_sigmund

Skill      XL: |  1  2 |
---------------+-------+-----
Transmutations | 1 |  1.1
Earth Magic    | 4 |  4.4
Short Blades   | |  0.1
Dodging        | |  1.7
Stealth        | |  2.4
Unarmed Combat | |  0.1
Spellcasting   | |  2.3
Conjurations   | |  0.6
Fire Magic     | |  0.3

Action                   || total
-------------------------++-------
Melee: Short sword       ||     7
       Unarmed           ||     5
       Staff             ||     4
 Cast: Sandblast         ||    42
       Foxfire           ||    19
       Stone Arrow       ||     2
  Use: Scroll            ||     4
       Potion            ||     1
Armor: Robe              ||     4
Dodge: Dodged            ||    20

Table legend: (Time is in decaauts)
 A = Elapsed time spent in this place.
 B = Non-inter-level travel time spent in this place.
 C = Inter-level travel time spent in this place.
 D = Time resting spent in this place.
 E = Time spent auto-exploring this place.
 F = Levels seen in this place.
 G = Mean time per level.
                   A        B        C        D        E       F      G
               +--------+--------+--------+--------+--------+-----+--------+
         Total |   2195 |   2083 |    112 |   1033 |    730 |   2 | 1097.5 |
       Dungeon |   2195 |   2083 |    112 |   1033 |    730 |   2 | 1097.5 |
               +--------+--------+--------+--------+--------+-----+--------+

Top non-repeatable levels by time:
     D:1: 1325 daAuts
     D:2: 870 daAuts
